cohdb
Replays
Latest Replays
All Replays
Popular Replays
Top Player Replays
Match Explorer
How It Works
Community
CoH3 Stats
Reddit
Sign in to upload your games and track your stats! →
Sign in with Steam
Match 45840641
Unlisted
Match 45840641
Overview
Messages
Build Orders
End
Construct Barracks
Riflemen Squad
Riflemen Squad
Engineer Squad
Riflemen Squad
Infantry Support Center
Grenade Package
M1 Mortar Team
Construct Medical Station
Construct Medical Station
Construct Weapon Support Center
M3 Armored Personnel Carrier
M3 Armored Personnel Carrier
Construct Tank Depot
Riflemen Squad
M4(105) Sherman Bulldozer
M4A1 Sherman Medium Tank
Engineer Squad
Selects Armored Battlegroup
Selects Strength in Steel
Selects Seek and Destroy
Selects UNKNOWN (2160077)
Selects Veteran Crews
Selects M31 Recovery Vehicle
M4A1 Sherman Medium Tank
M4A3E8 Sherman Easy Eight
M31 Recovery Vehicle
Advanced Logistics
Selects War Machine
Engooeer
Brick_man
DookulDeen
Shiro Poster
Paz
Roo
Peracles
Mikie
0
0
Comments
sign in to comment!
No comments posted yet!